 Dungeon Crawl Stone Soup version 0.19.0-11-g3fc08b3 (webtiles) character file.

49 MDvedh the Caller (level 3, 0/18 HPs)
             Began as a Vine Stalker Summoner on Nov 8, 2016.
             Succumbed to an adder's poison
             ... on level 2 of the Dungeon.
             The game lasted 00:02:41 (1202 turns).

MDvedh the Caller (Vine Stalker Summoner)           Turns: 1202, Time: 00:02:41

Health: 0/18       AC:  5    Str: 11    XL:     3   Next: 77%
Magic:  6/6        EV: 12    Int: 20    God:
Gold:   104        SH:  0    Dex: 14    Spells: 1 memorised, 5 levels left

rFire  . . .     SeeInvis .     e - +0 flail
rCold  . . .     Gourm    .     a - +0 robe
rNeg   . . .     Faith    .     (no shield)
rPois  .         Spirit   +     (no helmet)
rElec  .         Reflect  .     (no cloak)
rCorr  .         Harm     .     (no gloves)
MR     .....                    j - +0 pair of boots (curse)
Stlth  ++........               (no amulet)
                                (no ring)
                                (no ring)

@: brilliant, lethally poisoned (0 -> -4)
A: fangs 2, yellow scales 1, low mp 1, magic shield, antimagic bite, no device
heal 3, rot immunity
a: no special abilities


You were on level 2 of the Dungeon.
You were not hungry.

You visited 1 branch of the dungeon, and saw 2 of its levels.

You collected 104 gold pieces.

Inventory:

Hand Weapons
 e - a +0 flail (weapon)
Armour
 a - a +0 robe (worn)
 j - a cursed +0 pair of boots (worn)
Jewellery
 m - an uncursed ring of see invisible {unknown}
Scrolls
 d - a scroll of remove curse {unknown}
 g - 2 scrolls of magic mapping {unknown}
 h - a scroll of amnesia {unknown}
Books
 b - a book of Callings

   Spells                             Type                      Level
   a - Summon Small Mammal            Summoning                    1
   b - Call Imp                       Summoning                    2
   c - Call Canine Familiar           Summoning                    3
   d - Summon Guardian Golem          Hexes/Summoning              3
   e - Summon Lightning Spire         Summoning/Air                4
   f - Summon Ice Beast               Ice/Summoning                4
Comestibles
 c - a bread ration
 f - 3 fruits
 k - a chunk of flesh
 n - a meat ration


   Skills:
 + Level 1.8 Fighting
 + Level 0.8 Maces & Flails
 + Level 1.4 Armour
 - Level 1.5 Dodging
 - Level 2.4 Stealth
 - Level 2.1 Spellcasting
 - Level 4.0 Summonings


You had 5 spell levels left.
You knew the following spells:

 Your Spells              Type           Power        Failure   Level  Hunger
a - Summon Small Mammal   Summ           ####         1%          1    #......


Dungeon Overview and Level Annotations

Branches:
Dungeon (2/15)

Altars:
Ashenzari
Gozag

Shops:
D:2 *


Innate Abilities, Weirdness & Mutations

You have extremely sharp teeth.
When hurt, damage is shared between your health and your magic reserves.
Your bite disrupts and absorbs the magic of your enemies.
Potions and wands cannot restore your health.
You are immune to rotting.
You are partially covered in yellow scales. (AC +2)
Your magical capacity is low. (-10% MP)


Message History

2 chunks of flesh; an adder skeleton
Found 17 gold pieces.
Unknown command.
The helpless frilled lizard fails to defend itself.
You thump the frilled lizard!
You kill the frilled lizard!
* * * LOW HITPOINT WARNING * * *
You feel sick.
* * * LOW HITPOINT WARNING * * *
You feel sick.
You see here a scroll labeled MICLYIXKARA.
* * * LOW HITPOINT WARNING * * *
You feel sick.
Things that are here:
2 chunks of flesh; an adder skeleton You see here a scroll labeled MICLYIXKARA.
Unknown command.
There is a lethal amount of poison in your body!
There is a lethal amount of poison in your body!
You die...

######## #......#
#......# #......#
####..@(..#
#.†.......#
#$.###%##### ....
#.########## .###
#.##.......#
#######.##.......#
.........#.......#
#######.##.......#
##.##.......#


There were no monsters in sight!

Vanquished Creatures
  An adder (D:2)
  A dart slug (D:2)
  A leopard gecko (D:1)
  A ball python (D:1)
  3 bats
  2 giant cockroaches (D:1)
  2 goblins (D:1)
  3 hobgoblins
  A jackal (D:1)
  2 kobolds
  3 frilled lizards
  7 rats
27 creatures vanquished.

Vanquished Creatures (collateral kills)
  A gnoll (D:1)
1 creature vanquished.

Grand Total: 28 creatures vanquished

Notes
Turn   | Place    | Note
-------+----------+-------------------------------------------
     0 | D:1      | MDvedh the Vine Stalker Summoner began the quest for the Orb.
     0 | D:1      | Reached XP level 1. HP: 9/9 MP: 4/4
    17 | D:1      | Found a shattered altar of Ashenzari.
   138 | D:1      | Reached skill level 1 in Fighting
   138 | D:1      | Reached XP level 2. HP: 4/14 MP: 3/6
   427 | D:1      | Reached skill level 1 in Armour
   775 | D:1      | Reached XP level 3. HP: 18/18 MP: 7/7
  1019 | D:2      | Found an opulent altar of Gozag.
  1019 | D:2      | Found Gozag's Platinum Reserve.
  1187 | D:2      | Gained mutation: Your magical capacity is low. (-10% MP) [potion of mutation]
  1187 | D:2      | Gained mutation: You are partially covered in yellow scales. (AC +2) [potion of mutation]
  1202 | D:2      | Succumbed to an adder's poison

Skill      XL: |  1  2 |
---------------+-------+-----
Fighting       | 1 |  1.8
Armour         | 1 |  1.4
Maces & Flails | |  0.8
Dodging        | |  1.5
Stealth        | |  2.4
Spellcasting   | |  2.1
Summonings     | |  4.0

Action                   || total
-------------------------++-------
Melee: Dagger            ||     4
       Unarmed           ||     3
       Bite              ||    15
       Flail             ||    69
 Cast: Summon Small Mamm ||     3
  Use: Potion            ||     2
 Stab: Distracted        ||     2
       Sleeping          ||     4
  Eat: Chunk             ||     1
Armor: Robe              ||    17
Dodge: Dodged            ||    60
